 Dungeon Crawl Stone Soup version 0.25-a0-705-ge9988fc0fb (webtiles) character file.

Game seed: 14869826222376461230, levelgen mode: deterministic

224519 Chiseanne the Eclecticist (level 18, -29/134 HPs)
             Began as a Mummy Wanderer on Jan 12, 2020.
             Was an Initiate of Gozag.
             Killed from afar by a deep elf knight (35 damage)
             ... with a shard of ice
             ... on level 2 of the Elven Halls on Apr 4, 2020.
             The game lasted 03:30:31 (50253 turns).

Chiseanne the Eclecticist (Mummy Wanderer)         Turns: 50253, Time: 03:30:32

Health: -29/134    AC: 32    Str: 15    XL:     18   Next: 16%
Magic:  0/37       EV: 14    Int: 28    God:    Gozag
Gold:   586        SH:  7    Dex: 17    Spells: 29/47 levels left

rFire    + . .     SeeInvis +   s - +7 long sword of the Desert {vorpal, Int+7}
rCold    . . .     Gourm    .   U - +0 buckler "Toyhysh" {+Inv Slay+2 SInv}
rNeg     + + +     Faith    .   H - +4 fire dragon scales "Kosup" {rElec rF++ rC-}
rPois    ∞         Spirit   +   v - +2 helmet {SInv}
rElec    +         Reflect  .   P - +2 cloak {+Inv}
rCorr    .         Harm     .   F - +2 pair of gloves {Dex+3}
MR       +++..                  n - +2 pair of boots
Stlth    ..........             r - amulet of guardian spirit
HPRegen  0.32/turn              J - ring "Ifuf" {rElec MR+ Int+4}
MPRegen  0.25/turn              j - +4 ring of protection

@: very slightly contaminated
A: no food or potions, fire vulnerability, cold resistance 1, negative energy
resistance 3, torment resistance, unbreathing, in touch with death 1
}: 2/15 runes: barnacled, gossamer
a: Potion Petition, Call Merchant, Bribe Branch, Renounce Religion, Evoke
Invisibility


You were on level 2 of the Elven Halls.
You worshipped Gozag.
Gozag was pleased with you.
You were not hungry.

You visited 7 branches of the dungeon, and saw 35 of its levels.

You collected 12952 gold pieces.
You spent 6729 gold pieces at shops.
You paid 5637 gold pieces to Gozag.

Inventory:

Hand Weapons
 a - the +11 dagger of Rapaem {vorpal, rF+++ Str+3 Int+3 Stlth-}
   (You found it on level 6 of the Dungeon)

   It inflicts extra damage upon your enemies.
   It affects your strength (+3).
   It affects your intelligence (+3).
   It renders you almost immune to fire.
   It makes you less stealthy.
 d - a +5 scimitar of flaming
 f - the +4 long sword of Opsade {vorpal, +Fly rElec}
   (You found it on level 6 of the Lair of Beasts)

   It inflicts extra damage upon your enemies.
   It insulates you from electricity.
   It lets you fly.
 k - a +4 broad axe of venom
 s - the +7 long sword of the Desert (weapon) {vorpal, Int+7}
   (You bought it in a shop on level 13 of the Dungeon)

   It inflicts extra damage upon your enemies.
   It affects your intelligence (+7).
 w - a +2 hand crossbow of flaming
Missiles
 b - 14 boomerangs
 e - 166 bolts
 g - 3 silver boomerangs
 i - 13 curare-tipped darts (quivered)
 z - a boomerang of dispersal
 C - a throwing net
 D - 163 poisoned darts
Armour
 n - a +2 pair of boots (worn)
 v - a +2 helmet of see invisible (worn)
 F - a +2 pair of gloves of dexterity (worn)
 H - the +4 fire dragon scales "Kosup" (worn) {rElec rF++ rC-}
   (You bought it in a shop on level 11 of the Dungeon)

   It greatly protects you from fire.
   It makes you vulnerable to cold.
   It insulates you from electricity.
 P - a +2 cloak of invisibility (worn)
 U - the +0 buckler "Toyhysh" (worn) {+Inv Slay+2 SInv}
   (You bought it in a shop on level 11 of the Dungeon)

   It affects your accuracy and damage with ranged weapons and melee attacks
   (+2).
   It lets you see invisible.
   It lets you turn invisible.
Jewellery
 j - a +4 ring of protection (right hand)
 r - an amulet of guardian spirit (around neck)
 J - the ring "Ifuf" (left hand) {rElec MR+ Int+4}
   (You bought it in a shop on level 10 of the Dungeon)

   [ring of protection from magic]

   It affects your intelligence (+4).
   It insulates you from electricity.
   It affects your resistance to hostile enchantments.
Wands
 u - a wand of iceblast (14)
 K - a wand of flame (33)
 L - a wand of digging (2)
 O - a wand of paralysis (20)
 T - a wand of enslavement (10)
Scrolls
 c - a scroll of fog
 l - 16 scrolls of identify
 o - 3 scrolls of enchant armour
 q - 7 scrolls of magic mapping
 t - 20 scrolls of remove curse


   Skills:
 - Level 10.1 Fighting
 - Level 13.3(14.2) Short Blades
 * Level 9.1(12.3) Long Blades
   Level 1.5 Maces & Flails
 - Level 5.2 Crossbows
 - Level 1.0 Throwing
 * Level 8.5 Armour
 * Level 8.3 Dodging
 * Level 9.4 Shields
 - Level 15.1 Spellcasting
 - Level 10.4 Conjurations
 - Level 3.9 Charms
 - Level 3.9 Translocations
 - Level 3.8 Air Magic
 - Level 6.3 Evocations


You had 29 spell levels left.
You knew the following spells:

 Your Spells              Type           Power        Failure   Level  Hunger
a - Magic Dart            Conj           ####         1%          1    N/A
b - Stone Arrow           Conj/Erth      ######       3%          3    N/A
c - Conjure Flame         Conj/Fire      ######..     3%          3    N/A
d - Mephitic Cloud        Conj/Pois/Air  #####...     4%          3    N/A
e - Deflect Missiles      Chrm/Air       #####.....   96%         6    N/A
f - Blink                 Tloc           N/A          3%          2    N/A

Your spell library contained the following spells:

 Spells                   Type           Power        Failure   Level  Hunger
 Searing Ray              Conj           ######       1%          2    N/A
 Dazzling Flash           Conj/Hex       ######       3%          3    N/A
 Iskenderun's Mystic Bla  Conj/Tloc      ######..     4%          4    N/A
 Corona                   Hex            ###....      10%         1    N/A
 Sandblast                Erth           ###...       10%         1    N/A
 Fulminant Prism          Conj/Hex       ######....   11%         4    N/A
 Portal Projectile        Hex/Tloc       ####..       13%         3    N/A
 Recall                   Summ/Tloc      N/A          13%         3    N/A
 Call Imp                 Summ           ###.....     14%         2    N/A
 Passwall                 Tmut/Erth      ###.....     14%         2    N/A
 Slow                     Hex            ###.....     14%         2    N/A
 Sticks to Snakes         Tmut           ###.....     14%         2    N/A
 Inner Flame              Hex/Fire       ###.....     28%         3    N/A
 Animate Dead             Necr           N/A          67%         4    N/A
 Cause Fear               Hex            ###.......   67%         4    N/A
 Leda's Liquefaction      Hex/Erth       ###.......   67%         4    N/A
 Petrify                  Tmut/Erth      ###.....     67%         4    N/A
 Silence                  Hex/Air        ####......   77%         5    N/A
 Borgnjor's Vile Clutch   Necr/Erth      ####......   95%         5    N/A
 Lee's Rapid Deconstruct  Erth           ###.......   95%         5    N/A
 Yara's Violent Unravell  Hex/Tmut       ###.......   95%         5    N/A
 Death Channel            Necr           ####......   100%        6    N/A
 Simulacrum               Ice/Necr       ####......   100%        6    N/A
 Discord                  Hex            ###.......   100%        8    N/A
 Beastly Appendage        Tmut           Unusable     N/A         1    N/A
 Spider Form              Tmut/Pois      Unusable     N/A         3    N/A
 Ice Form                 Ice/Tmut       Unusable     N/A         4    N/A
 Blade Hands              Tmut           Unusable     N/A         5    N/A

Dungeon Overview and Level Annotations

Branches:
Dungeon (15/15) Temple (1/1) D:7 Lair (6/6) D:11 Shoals (4/4) Lair:3 Spider (4/4) Lair:3 Slime (0/5) Lair:5 Orc (2/2) D:11 Elf (3/3) Orc:2 Vaults (0/5) D:13 D:14 Depths (0/5) D:15

Altars:
Ashenzari
Cheibriados
Dithmenos
Elyvilon
Fedhas
Gozag
Hepliaklqana
Kikubaaqudgha
Makhleb
Nemelex Xobeh
Okawaru
Qazlal
Ru
Sif Muna
Trog
Uskayaw
Vehumet
Wu Jian
Xom
Yredelemnul
Zin
The Shining One
Beogh

Shops:
D:10 =   D:11 [[   D:13 (   Orc:2 ?[((   Lair:3 [?=   Shoals:4 *

Portals:
Trove: D:10 (give +4 shadow dragon scales)

Annotations:
D:5 exclusion: downstairs
D:10 Snorg
D:12 exclusion: oklob plant
Lair:2 exclusion: 2 upstairs
Lair:4 exclusion: ice statue
Lair:6 exclusion: 4 oklob plants
Shoals:3 exclusion: upstairs


Innate Abilities, Weirdness & Mutations

You do not eat or drink.
Your flesh is vulnerable to fire.
You are immune to poison.
Your flesh is cold resistant. (rC+)
You are immune to negative energy. (rN+++)
You are immune to unholy pain and torment.
You can survive without breathing.
You are in touch with the powers of death.


Message History

The deep elf knight is engulfed in noxious fumes.
The deep elf knight appears confused.
The +2 scimitar of electrocution hits you!
* * * LOW HITPOINT WARNING * * *
Casting: Mephitic Cloud (safe; 4% risk of failure)
Confirm with . or Enter, or press ? or * to list all spells.
You don't have enough magic to cast that spell.
Unknown command.
The deep elf knight hits the deep elf knight with a +0 flail!
You hear a hideous shriek!
You hear a shout!
Evoke which item? (* to show all) (? for menu, Esc to quit)
Aiming: Enslavement
Press: ? - help, Shift-Dir - straight line, f/p - deep elf knight
Aim: a deep elf knight, wielding a +0 battleaxe and wearing a +0 chain mail (almost dead, confused, chance to defeat MR: 16%)
The deep elf knight resists with almost no effort.
The deep elf knight misses the +2 scimitar of electrocution.
The deep elf knight points at you and mumbles some strange words.
The shard of ice hits you!!!
You die...
Your body crumbles into a pile of gold.

#e........e..r.(..e....###.######
#.....##...##.se##e....# #
.....####.####.####..### # ....##
### #### #### .e°..## ##.##
..○Ee.# #.e.# #.....# ###.ee### #
#...s.## #.Ee#.(e# #
..#...'###e#°#.#@# ##
..#...○#.ee.°s........# #.
.###..ee°.##e..##.....# #. .
#...'#..............# ##. .
#...'###.#.#.#.###### #..
#.....## #...#...# #.. #.....#
###...### #.. ......# ...# #..
.....# .## #.(


You could see a demonic crawler, 4 deep elf knights, 3 deep elf magi and a +2
scimitar of electrocution.

Vanquished Creatures
  Jorgrun (D:12)
  Frances (D:13)
  Agnes (D:15)
  Kirke (Lair:4)
  3 ghost moths
  5 emperor scorpions
  2 orc warlords
  2 entropy weavers
  A stone giant (Orc:1)
  A spark wasp (Spider:3)
  6 merfolk impalers
  5 merfolk javelineers
  Fannar (D:12)
  An ogre mage (D:14)
  2 yaktaur captains (D:14)
  9 hydras
  3 merfolk avatars
  A vault guard (D:10)
  3 catoblepae
  3 satyrs
  Erica (D:10)
  A death yak (Lair:6)
  A death knight (D:12)
  2 centaur warriors (D:14)
  A merfolk aquamancer (Shoals:4)
  2 tengu warriors (D:15)
  6 two-headed ogres
  8 death scarabs (Spider:4)
  Urug (D:13)
  2 orc high priests
  Sonja (D:11)
  4 deep elf knights
  9 skeletal warriors
  A death drake (shapeshifter) (D:13)
  An unseen horror (D:10)
  7 sea snakes
  A spectral emperor scorpion (Spider:4)
  A kraken simulacrum (Shoals:4)
  2 deep elf archers (Elf:2)
  3 wizards (D:15)
  3 spectral wolf spiders (Spider:4)
  A necromancer (D:15)
  6 harpies
  12 orb spiders
  2 wolf spider zombies (Spider:4)
  6 orc sorcerers
  8 orc knights
  26 wolf spiders
  4 cyclopes
  16 deep elf magi
  7 fauns
  2 elephants (Lair:6)
  3 ugly things
  11 manticores
  4 moths of wrath (Spider:4)
  A water nymph (Shoals:2)
  2 merfolk sirens (Shoals:3)
  15 spiny frogs
  A gargoyle (D:9)
  A black mamba (Lair:2)
  6 spectral redbacks (Spider:4)
  2 torpor snails
  13 demonic crawlers
  A kobold demonologist (D:13)
  A rime drake (shapeshifter) (D:13)
  2 freezing wraiths
  6 rime drakes (Lair:6)
  A redback zombie (D:13)
  8 komodo dragons
  32 jumping spiders
  3 meliai
  A queen bee (D:14)
  12 merfolk
  A wind drake (Lair:6)
  4 tengu conjurers
  5 trolls
  6 hornets
  2 spectral jumping spiders (Spider:4)
  5 polar bears
  A slime creature (shapeshifter) (D:13)
  3 spectral tarantellas (Spider:4)
  36 slime creatures
  2 snapping turtles
  4 tarantella zombies (Spider:4)
  7 dream sheep (Lair:3)
  11 blink frogs
  4 jumping spider zombies (Spider:4)
  14 hippogriffs
  48 redbacks
  2 water elementals
  Sigmund (D:5)
  2 shadows
  An air elemental (Elf:2)
  26 tarantellas
  A fire elemental (Elf:2)
  56 yaks
  3 wyverns
  16 humans (D:13)
  3 hogs (Lair:4)
  A steam dragon (D:11)
  A hungry ghost (D:14)
  3 basilisks
  7 vampire mosquitoes
  A warg (Orc:1)
  A soldier ant (D:13)
  2 acid dragons
  17 water moccasins
  15 porcupines
  Duvessa (D:5)
  26 orc warriors
  A spectral hornet (Spider:4)
  4 sky beasts
  11 ice beasts
  A black bear (Lair:4)
  2 eyes of draining
  3 hornet zombies
  5 phantoms
  11 ogres
  13 centaurs
  6 wolves
  23 crocodiles
  A wyvern zombie (D:14)
  13 bullfrogs
  A big kobold (D:12)
  An earth elemental (Elf:1)
  Dowan (D:5)
  A wyvern skeleton (D:6)
  4 scorpions
  A hornet simulacrum (D:15)
  40 killer bees
  9 wights
  3 howler monkeys
  An electric eel (Spider:3)
  11 crimson imps
  2 bullfrog zombies
  2 centaur zombies
  2 quasits
  6 hounds
  4 bullfrog skeletons
  Crazy Yiuf (D:6)
  9 centaur skeletons
  5 jellies
  20 orc priests
  An iron imp (D:7)
  4 hell rats (Lair:6)
  6 iguanas
  21 orc wizards
  8 worker ants
  3 hound skeletons
  A howler monkey zombie (D:8)
  Robin (D:3)
  2 worker ant zombies
  3 gnolls (D:2)
  15 adders
  A shadow imp (D:7)
  2 white imps (Lair:4)
  An ooze (D:5)
  4 worms
  2 dart slugs
  5 leopard geckos
  100 orcs
  2 ball pythons
  4 bats
  5 giant cockroaches
  9 goblins
  11 hobgoblins
  3 quokkas
  A ball python skeleton (D:6)
  12 frilled lizards
  9 kobolds
  2 leopard gecko skeletons
  A quokka skeleton (D:6)
  A quokka zombie (D:10)
  6 rats
  A fungus (Lair:4)
  7 plants
  A tentacle (Shoals:4)
1138 creatures vanquished.

Vanquished Creatures (collateral kills)
  A merfolk javelineer (Shoals:4)
  A merfolk impaler (Shoals:4)
  2 wolf spiders
  A merfolk (Shoals:4)
  A tarantella (Spider:2)
  A redback (Spider:2)
7 creatures vanquished.

Vanquished Creatures (others)
  3 dancing weapons
  An orb spider (Spider:1)
  2 jumping spiders
  A hornet (Spider:4)
  A merfolk (Shoals:2)
  A vampire (D:13)
  A water elemental (Elf:2)
  2 tarantellas (Spider:2)
  2 humans (Lair:5)
  An electric eel (Lair:1)
  An orc priest (Elf:2)
  A ball lightning (D:11)
  A bush (D:11)
  44 fungi
  50 plants
  8 tentacles (Shoals:4)
120 creatures vanquished.

Grand Total: 1265 creatures vanquished

Notes
Turn   | Place    | Note
-------+----------+-------------------------------------------
     0 | D:1      | Chiseanne the Mummy Wanderer began the quest for the Orb.
     0 | D:1      | Chiseanne set off with the following items: a +2 dagger, 3
                  | curare-tipped darts, a +0 hand axe, a +0 hand crossbow, 25
                  | bolts, a +0 robe
     0 | D:1      | Reached XP level 1. HP: 18/18 MP: 1/1
   112 | D:1      | Reached XP level 2. HP: 24/24 MP: 2/2
   840 | D:2      | Reached skill level 1 in Dodging
   902 | D:2      | Found a hide-covered altar of Uskayaw.
   911 | D:2      | Reached XP level 3. HP: 24/29 MP: 3/3
   918 | D:2      | Reached skill level 1 in Armour
   919 | D:2      | Reached XP level 4. HP: 32/37 MP: 4/4
  1428 | D:2      | Reached XP level 5. HP: 41/42 MP: 5/5
  1652 | D:2      | Found a shimmering blue altar of Sif Muna.
  1893 | D:3      | Noticed Robin
  1916 | D:3      | Killed Robin
  2781 | D:4      | Reached XP level 6. HP: 49/49 MP: 6/6
  3934 | D:5      | Entered Level 5 of the Dungeon
  3996 | D:5      | Noticed Dowan
  4114 | D:5      | Noticed Sigmund
  4123 | D:5      | Killed Sigmund
  4123 | D:5      | Reached skill level 5 in Fighting
  4123 | D:5      | Reached XP level 7. HP: 50/56 MP: 7/7
  4558 | D:5      | Reached XP level 8. HP: 54/64 MP: 8/8
  4670 | D:5      | Noticed Duvessa
  4683 | D:5      | Killed Duvessa
  4687 | D:5      | Killed Dowan
  5126 | D:5      | Reached skill level 1 in Shields
  5323 | D:6      | Found a runed translucent door.
  5327 | D:6      | Noticed Crazy Yiuf
  5333 | D:6      | Killed Crazy Yiuf
  5731 | D:6      | Reached skill level 5 in Crossbows
  5891 | D:6      | Found an ancient bone altar of Kikubaaqudgha.
  6068 | D:6      | Got a warped dagger
  6069 | D:6      | Identified the +11 dagger of Rapaem {pierce, rF+++ Str+3
                  | Int+3 Stlth-} (You found it on level 6 of the Dungeon)
  6074 | D:6      | Learned a level 1 spell: Magic Dart
  6455 | D:7      | Reached XP level 9. HP: 71/71 MP: 8/10
  6515 | D:7      | Reached skill level 1 in Spellcasting
  6582 | D:7      | Reached skill level 1 in Conjurations
  6691 | D:7      | Found a white marble altar of Elyvilon.
  6758 | D:7      | Reached skill level 2 in Spellcasting
  6818 | D:7      | Found a staircase to the Ecumenical Temple.
  6829 | Temple   | Entered the Ecumenical Temple
  7041 | D:7      | Found a snail-covered altar of Cheibriados.
  7294 | D:8      | Reached skill level 3 in Spellcasting
  7322 | D:8      | Found a sacrificial altar of Ru.
  7518 | D:8      | Reached skill level 4 in Spellcasting
  7890 | D:8      | Learned a level 2 spell: Blink
  7894 | D:8      | Learned a level 3 spell: Conjure Flame
  7898 | D:8      | Learned a level 3 spell: Mephitic Cloud
  8177 | D:9      | Found a shattered altar of Ashenzari.
  8319 | D:9      | Found a blossoming altar of Fedhas.
  8423 | D:9      | Reached XP level 10. HP: 77/80 MP: 14/17
  8438 | D:9      | Reached skill level 5 in Spellcasting
  8782 | D:9      | Found a shattered altar of Ashenzari.
  8849 | D:9      | Noticed a two-headed ogre
  8874 | D:9      | Killed a two-headed ogre
  8951 | D:9      | Found an opulent altar of Gozag.
  8955 | D:9      | Became a worshipper of Gozag Ym Sagoz the Greedy
  8959 | D:9      | Found a stormy altar of Qazlal.
  8962 | D:9      | Found an ornate altar of the Wu Jian Council.
  9119 | D:9      | Noticed an angel
  9120 | D:9      | Found a glowing silver altar of Zin.
  9183 | D:9      | Reached skill level 6 in Spellcasting
  9224 | D:9      | Noticed a cyclops
  9241 | D:9      | Killed a cyclops
  9241 | D:9      | Reached skill level 5 in Shields
  9674 | D:10     | Entered Level 10 of the Dungeon
  9731 | D:10     | Noticed a gargoyle
  9766 | D:9      | Killed a gargoyle
  9958 | D:10     | Reached skill level 7 in Spellcasting
 10004 | D:10     | Noticed a cyclops
 10033 | D:10     | Killed a cyclops
 10172 | D:10     | Reached skill level 5 in Conjurations
 10187 | D:10     | Noticed a vault guard
 10193 | D:10     | Killed a vault guard
 10193 | D:10     | Reached XP level 11. HP: 87/89 MP: 18/22
 10198 | D:10     | Found a portal to a secret trove of treasure.
 10368 | D:10     | Killed an unseen horror
 10467 | D:11     | Noticed Erica
 10745 | D:10     | Killed Erica
 10745 | D:10     | Reached skill level 8 in Spellcasting
 10813 | D:11     | Noticed a white ugly thing
 10832 | D:11     | Noticed a purple ugly thing
 10832 | D:11     | Noticed a purple ugly thing
 10875 | D:10     | Killed a cyan ugly thing
 11069 | D:11     | Noticed a six-headed hydra
 11322 | D:10     | Bought an uncursed ring of see invisible for 210 gold
                  | pieces
 11322 | D:10     | Bought a cursed -4 ring of strength for 28 gold pieces
 11500 | D:11     | Noticed Snorg
 11520 | D:10     | Reached skill level 10 in Fighting
 12005 | D:11     | Found a staircase to the Lair.
 12048 | D:11     | Killed a six-headed hydra
 12048 | D:11     | Reached skill level 9 in Spellcasting
 12372 | D:11     | Noticed Sonja
 12383 | D:11     | Got a heavily runed scale mail
 12422 | D:11     | Identified the +5 scale mail of Beyond {rElec Regen+ Dex+2}
                  | (You found it on level 11 of the Dungeon)
 12474 | D:11     | Killed a green ugly thing
 12478 | D:11     | Killed a brown ugly thing
 12622 | D:11     | Killed Sonja
 12720 | D:11     | Found a staircase to the Orcish Mines.
 12896 | D:10     | Bought an uncursed amulet of guardian spirit for 420 gold
                  | pieces
 13296 | D:11     | Reached XP level 12. HP: 86/97 MP: 22/25
 13366 | D:12     | Reached skill level 10 in Spellcasting
 13421 | D:12     | Noticed a two-headed ogre
 13501 | D:11     | Killed a two-headed ogre
 14492 | D:12     | Noticed Fannar
 14545 | D:12     | Killed Fannar
 14545 | D:12     | Reached skill level 11 in Spellcasting
 14787 | D:12     | Found a blossoming altar of Fedhas.
 14794 | D:12     | Noticed Jorgrun
 14805 | D:12     | Killed Jorgrun
 15403 | D:13     | Reached skill level 12 in Spellcasting
 15533 | D:13     | Noticed a catoblepas
 15552 | D:13     | Killed a catoblepas
 15732 | D:14     | Found a gate to the Vaults.
 15732 | D:14     | Noticed a two-headed ogre
 15732 | D:14     | Noticed a centaur warrior
 15732 | D:14     | Noticed Urug
 15732 | D:14     | Noticed Frances
 15790 | D:10     | Bought the ring "Ifuf" {rElec MR+ Int+4} for 663 gold
                  | pieces
 15812 | Lair:1   | Entered Level 1 of the Lair of Beasts
 17006 | Lair:2   | Gained mutation: You are in touch with the powers of death.
                  | [Mummy growth]
 17006 | Lair:2   | Reached XP level 13. HP: 79/103 MP: 22/29
 17320 | Lair:1   | Reached skill level 13 in Spellcasting
 19506 | Lair:3   | Found a staircase to the Shoals.
 19515 | Lair:3   | Reached skill level 10 in Conjurations
 19656 | D:11     | Bought a runed cloak for 225 gold pieces
 19930 | Lair:3   | Found a hole to the Spider Nest.
 21337 | Lair:4   | Reached skill level 14 in Spellcasting
 22751 | Lair:4   | Learned a level 6 spell: Deflect Missiles
 22938 | Lair:5   | Noticed Kirke
 23171 | Lair:4   | Killed Kirke
 23512 | Lair:5   | Reached skill level 1 in Charms
 23512 | Lair:5   | Reached skill level 1 in Air Magic
 23543 | Lair:5   | Reached skill level 1 in Translocations
 23742 | Lair:5   | Reached skill level 5 in Evocations
 23888 | Lair:5   | Reached XP level 14. HP: 68/110 MP: 26/32
 24429 | Lair:5   | Found a staircase to the Slime Pits.
 24620 | Lair:6   | Entered Level 6 of the Lair of Beasts
 27788 | Lair:6   | HP: 3/110 [rime drake/flash freeze (18)]
 28687 | Lair:6   | Reached skill level 15 in Spellcasting
 29871 | Lair:6   | Got a translucent long sword
 30389 | D:11     | Bought a heavily runed buckler for 332 gold pieces
 30390 | D:11     | Identified the +4 long sword of Opsade {slice, +Fly rElec}
                  | (You found it on level 6 of the Lair of Beasts)
 30391 | D:11     | Identified the +0 buckler "Toyhysh" {+Inv Slay+2 SInv} (You
                  | bought it in a shop on level 11 of the Dungeon)
 30468 | D:11     | Bought a runed helmet for 262 gold pieces
 30645 | D:13     | Reached skill level 1 in Short Blades
 30668 | D:13     | Killed Urug
 31037 | D:13     | Killed Frances
 31713 | D:14     | Reached XP level 15. HP: 72/115 MP: 15/34
 31742 | D:14     | Reached skill level 5 in Short Blades
 32702 | D:13     | Bought a slimy long sword for 255 gold pieces
 32703 | D:13     | Identified the +7 long sword of the Desert {slice, Int+7}
                  | (You bought it in a shop on level 13 of the Dungeon)
 34731 | D:15     | Entered Level 15 of the Dungeon
 34858 | D:15     | Reached skill level 1 in Long Blades
 34875 | D:15     | Found a sacrificial altar of Ru.
 35534 | D:15     | Noticed Agnes
 35553 | D:15     | Killed Agnes
 36073 | D:15     | Reached skill level 5 in Long Blades
 36275 | D:15     | Found a staircase to the Depths.
 36342 | D:15     | Upgraded the game from 0.25-a0-404-gc1b5a34292 to
                  | 0.25-a0-410-g53dbb631d1
 36647 | Spider:1 | Entered Level 1 of the Spider Nest
 36702 | Lair:3   | Reached skill level 5 in Dodging
 37776 | Spider:1 | Reached skill level 5 in Armour
 37776 | Spider:1 | Reached XP level 16. HP: 122/122 MP: 28/35
 38593 | Lair:3   | Bought a cursed ring of teleportation for 63 gold pieces
 38599 | Spider:1 | Identified a scroll of acquirement
 38605 | Lair:3   | Bought a scroll of fear for 52 gold pieces
 38605 | Lair:3   | Bought a scroll of blinking for 112 gold pieces
 38605 | Lair:3   | Bought a scroll of teleportation for 45 gold pieces
 38605 | Lair:3   | Bought a scroll of identify for 30 gold pieces
 38605 | Lair:3   | Bought a scroll of immolation for 52 gold pieces
 40257 | Spider:4 | Entered Level 4 of the Spider Nest
 40796 | Spider:3 | HP: 6/122 [demonic crawler (9)]
 42211 | Spider:4 | Reached XP level 17. HP: 125/128 MP: 34/36
 42818 | Spider:4 | Identified the +0 cloak of Proximity {rElec rC- Dex+7
                  | Stlth-} (You acquired it on level 4 of the Spider Nest)
 42834 | Spider:4 | Got a gossamer rune of Zot
 43031 | Lair:3   | Bought a heavily jewelled robe for 171 gold pieces
 43031 | Lair:3   | Bought a pair of glowing gloves for 225 gold pieces
 43031 | Lair:3   | Bought a slimy robe for 171 gold pieces
 43031 | Lair:3   | Bought a glowing large shield for 225 gold pieces
 43031 | Lair:3   | Identified the +2 robe "Hiogo" {Int+4} (You bought it in a
                  | shop on level 3 of the Lair of Beasts)
 43034 | Lair:3   | Identified the +1 robe "Xeretoto" {Int+3} (You bought it in
                  | a shop on level 3 of the Lair of Beasts)
 43060 | Lair:3   | Learned a level 3 spell: Stone Arrow
 43060 | Lair:3   | Upgraded the game from 0.25-a0-410-g53dbb631d1 to
                  | 0.25-a0-474-ga8a2ee3166
 43060 | Lair:3   | Upgraded the game from 0.25-a0-474-ga8a2ee3166 to
                  | 0.25-a0-705-ge9988fc0fb
 43113 | Shoals:1 | Entered Level 1 of the Shoals
 44090 | Shoals:3 | Found a shadowy altar of Dithmenos.
 44212 | Shoals:4 | Entered Level 4 of the Shoals
 44901 | Shoals:4 | Got an iridescent scimitar
 44906 | Shoals:4 | Identified the +3 scimitar of the Tooth {freeze, rN+
                  | Stlth+} (You found it on level 4 of the Shoals)
 45527 | Shoals:4 | Reached skill level 10 in Short Blades
 45781 | Shoals:4 | Found Ighiyblu's Assorted Antiques.
 45908 | Shoals:4 | Got a barnacled rune of Zot
 46217 | D:11     | Bought jewelled fire dragon scales for 1950 gold pieces
 46218 | D:11     | Identified the +4 fire dragon scales "Kosup" {rElec rF++
                  | rC-} (You bought it in a shop on level 11 of the Dungeon)
 46971 | Orc:1    | Entered Level 1 of the Orcish Mines
 47367 | Orc:2    | Entered Level 2 of the Orcish Mines
 47368 | Orc:2    | Found a staircase to the Elven Halls.
 47439 | Orc:2    | Found a roughly hewn altar of Beogh.
 48424 | Orc:2    | Found Xoschymar's Antique Weapon Shop.
 48425 | Orc:2    | Found a roughly hewn altar of Beogh.
 48428 | Orc:2    | Found Narphuddi's Antique Armour Boutique.
 48433 | Orc:2    | Bought a smoking helmet for 266 gold pieces
 48434 | Orc:2    | Identified the +0 helmet of Cheibriados's Whim {Int+2
                  | Stlth+} (You bought it in a shop on level 2 of the Orcish
                  | Mines)
 48441 | Orc:2    | Bought a twisted rapier for 252 gold pieces
 48442 | Orc:2    | Identified the +11 rapier of the Skies Above {flame, Int+6}
                  | (You bought it in a shop on level 2 of the Orcish Mines)
 48646 | Orc:2    | Found a roughly hewn altar of Beogh.
 48647 | Orc:2    | Found Ontaecs's Magic Scroll Boutique.
 48692 | Orc:2    | Bought a scroll of teleportation for 48 gold pieces
 48692 | Orc:2    | Bought a scroll of teleportation for 48 gold pieces
 48692 | Orc:2    | Bought 2 scrolls of magic mapping for 112 gold pieces
 48692 | Orc:2    | Bought a scroll of enchant weapon for 120 gold pieces
 48692 | Orc:2    | Bought a scroll of identify for 32 gold pieces
 48692 | Orc:2    | Bought a scroll of enchant armour for 120 gold pieces
 48692 | Orc:2    | Bought a scroll of enchant armour for 120 gold pieces
 48692 | Orc:2    | Bought a scroll of enchant armour for 120 gold pieces
 48712 | Orc:2    | Found a roughly hewn altar of Beogh.
 48713 | Orc:2    | Found Uloehear's Weapon Shop.
 48822 | Elf:1    | Entered Level 1 of the Elven Halls
 48918 | Elf:1    | You fall into a shaft and drop 1 floor!
 49254 | Elf:2    | Found a ruined gateway.
 49454 | Elf:2    | Reached XP level 18. HP: 134/134 MP: 33/37
 49571 | Elf:2    | Found a magical portal.
 50133 | Elf:2    | HP: 3/134 [+3 dire flail of protection (8)]
 50146 | Elf:3    | Entered Level 3 of the Elven Halls
 50226 | Elf:2    | Found a huge runed translucent gate.
 50227 | Elf:2    | Found a huge runed translucent gate.
 50228 | Elf:2    | Found a huge runed translucent gate.
 50229 | Elf:2    | Found a huge runed translucent gate.
 50230 | Elf:2    | Found a huge runed translucent gate.
 50251 | Elf:2    | HP: 6/134 [+2 scimitar of electrocution (6)]
 50253 | Elf:2    | Killed from afar by a deep elf knight

Levels and vault maps discovered:
D:1:      dpeg_arrival_solitude, layout_basic, serial_glass, glass_columns_b,
          glass_columns_c, glass_columns_b, glass_columns_a
D:2:      layout_loops_ring, eat_drink_and_be_merry_uskayaw,
          lemuel_blue_sif_altar, first_ration, kennysheep_generic_room_3
D:3:      layout_basic, minmay_parallelograms, uniq_robin
D:4:      layout_layer_cave
D:5:      layout_loops_corners, uniq_sigmund, uniq_duvessa
D:6:      layout_basic, old_standard_altar, uniq_crazy_yiuf_cottage
D:7:      layout_basic, elyvilon_altar_5, slow_altar_2, temple_hall
D:8:      layout_cave_pods, lemuel_doored_altar, serial_column_ruins,
          column_ruins_columns_straight, column_ruins_columns_straight,
          column_ruins_open_tiny, column_ruins_open_small,
          column_ruins_open_large, column_ruins_open_tiny
D:9:      layout_irregular_city, nicolae_overflow_crystal_walls,
          kennysheep_mini_moat, grunt_temple_overflow_diamond, zin_angel,
          hangedman_fish_farm, ashenzari_altar_1
D:10:     layout_gridville, enter_trove_5
D:11:     layout_rooms, minmay_lair_entry_grove, orc_0_dummy, uniq_erica,
          uniq_sonja, uniq_snorg
D:12:     layout_roguey, tgw_fedhas, uniq_jorgrun, uniq_fannar
D:13:     layout_gridville
D:14:     regret_index_bee_streams, layout_irregular_city, david_vaults_3,
          corexii_hall_statues_l, uniq_frances
D:15:     grunt_enter_depths_magical_seal, layout_stronghold,
          minmay_strange_pillars, nicolae_ru_path_of_blood, uniq_agnes
Temple:   eino_temple_lava
Lair:1:   wad_woods_structure_01, layout_cave_shapes, serial_bayou_ford_a
Lair:2:   layout_roguey, grunt_megastairs_3, serial_bayou_shore_b,
          serial_bayou_shore_b
Lair:3:   layout_small_grid, shoals_dummy_entry, dummy_spider_entry
Lair:4:   layout_regular_city, ice2_lemuel
Lair:5:   layout_cave_shapes, slime_dummy, uniq_kirke
Lair:6:   gammafunk_lair_ancient_temple, layout_hall_layers,
          gauntlet_entry_generic, minmay_lair_oklob_chamber
Shoals:1: layout_shoals
Shoals:2: layout_shoals, uniq_polyphemus
Shoals:3: layout_shoals, lemuel_altar_in_water2
Shoals:4: shoals_end_grunt_ice, layout_shoals, serial_shops, shop_fountains
Spider:1: layout_spider_delve
Spider:2: layout_spider_delve, nicolae_spider_shape
Spider:3: layout_spider_delve
Spider:4: floodkiller_spider_rune_tomb
Orc:1:    layout_caves
Orc:2:    grunt_orc_community_town_hall, layout_diamond_mine,
          grunt_orc_community_big_house_1, grunt_orc_community_big_house_1,
          grunt_orc_community_house_3, grunt_orc_community_house_1,
          grunt_orc_community_house_3, grunt_orc_community_house_1
Elf:1:    layout_geoelf_octagon, minmay_elf_annihilation, item_on_display_a,
          uniq_louise
Elf:2:    layout_geoelf_grid, infiniplex_enter_wizlab_spiral,
          portal_desolation_entry_ruin, special_room [special_room_orc]
Elf:3:    elf_hall_gauntlet_narrow, layout_geoelf_octagon, st_stairs_10

Skill      XL: |  1  2  3  4  5  6  7  8  9 10 11 12 13 14 15 16 17 18 |
---------------+-------------------------------------------------------+-----
Dodging        | 1 2 3 4 5 7 8 |  8.3
Armour         | 1 2 3 5 7 8 |  8.5
Fighting       | 4 5 6 8 9 10 | 10.1
Crossbows      | 3 4 5 |  5.2
Shields        | 2 4 5 6 7 9 |  9.4
Spellcasting   | 4 7 9 12 14 15 | 15.1
Conjurations   | 3 5 6 9 10 | 10.4
Evocations     | 5 6 |  6.3
Charms         | 1 3 |  3.9
Air Magic      | 1 3 |  3.8
Translocations | 1 3 |  3.9
Short Blades   | 4 7 13 | 13.3
Long Blades    | 5 7 8 9 |  9.1
Maces & Flails | |  1.5
Throwing       | |  1.0

Action                   |  1- 3 |  4- 6 |  7- 9 | 10-12 | 13-15 | 16-18 || total
-------------------------+-------+-------+-------+-------+-------+-------++-------
Melee: Dagger            |     5 |   186 |   113 |   681 |  1580 |   508 ||  3073
       Flail             |       |       |    51 |       |       |       ||    51
       Long sword        |       |       |       |       |   328 |  1192 ||  1520
       Scimitar          |       |       |       |       |    41 |       ||    41
       Broad axe         |       |       |       |       |    19 |       ||    19
 Fire: Hand crossbow     |    58 |   134 |   228 |    64 |     3 |    14 ||   501
Throw: Dart              |       |       |     1 |     4 |    37 |    94 ||   136
       Boomerang         |       |       |       |       |       |     6 ||     6
 Cast: Magic Dart        |       |       |    16 |   147 |   711 |   128 ||  1002
       Mephitic Cloud    |       |       |       |    61 |   155 |   168 ||   384
       Blink             |       |       |       |    10 |    24 |     2 ||    36
       Conjure Flame     |       |       |       |    21 |    30 |       ||    51
       Deflect Missiles  |       |       |       |       |     1 |       ||     1
       Stone Arrow       |       |       |       |       |       |    13 ||    13
Invok: Call Merchant     |       |       |       |     1 |     3 |     3 ||     7
       Potion Petition   |       |       |       |       |       |     1 ||     1
Evoke: Wand              |       |     2 |     1 |    16 |    49 |    45 ||   113
  Use: Scroll            |       |     8 |     9 |     9 |    17 |    26 ||    69
 Stab: Confused          |       |       |       |    17 |    57 |   117 ||   191
       Distracted        |       |       |       |     1 |     6 |     3 ||    10
       Paralysed         |       |       |       |       |       |    13 ||    13
       Held in net/web   |       |       |       |       |       |     1 ||     1
       Sleeping          |       |       |       |       |       |     1 ||     1
Armor: Ring mail         |    10 |   119 |    17 |       |       |       ||   146
       Robe              |     1 |       |       |       |       |       ||     1
       Leather armour    |       |       |   103 |   243 |   486 |       ||   832
       Scale mail        |       |       |       |       |   670 |   909 ||  1579
       Fire dragon scale |       |       |       |       |       |   205 ||   205
Dodge: Dodged            |    14 |   187 |   180 |   356 |  1286 |  1228 ||  3251
       Deflected         |       |       |       |       |     5 |       ||     5
Block: Buckler           |       |       |    65 |   221 |   709 |   582 ||  1577
       Rpst.: Long sword |       |       |       |       |    31 |   196 ||   227
       Scimitar          |       |       |       |       |     7 |       ||     7

Table legend:
 A = Non-vault XP
 B = Vault XP
 C = Vault XP percentage of total XP
 D = Non-vault monster count
 E = Vault monster count
 F = Vault count percentage of total count
                 A         B        C        D         E       F
            +---------+---------+-------+---------+---------+-------
      Total |  183185 |  120613 |  39.7 |     795 |     352 |  30.7
            +---------+---------+-------+---------+---------+-------
        D:1 |      31 |       0 |   0.0 |      19 |       0 |   0.0
        D:2 |     181 |       0 |   0.0 |      28 |       0 |   0.0
        D:3 |      95 |      30 |  24.0 |      26 |       8 |  23.5
        D:4 |     351 |       0 |   0.0 |      12 |       0 |   0.0
        D:5 |     770 |     436 |  36.2 |      20 |       3 |  13.0
        D:6 |     838 |      40 |   4.6 |      24 |       1 |   4.0
        D:7 |     914 |      39 |   4.1 |      14 |       1 |   6.7
        D:8 |    1416 |       0 |   0.0 |      24 |       0 |   0.0
        D:9 |    3858 |     305 |   7.3 |      36 |       1 |   2.7
       D:10 |    3842 |    2680 |  41.1 |      27 |       9 |  25.0
       D:11 |    6028 |    1999 |  24.9 |      28 |       6 |  17.6
       D:12 |    5316 |    4901 |  48.0 |      44 |       3 |   6.4
       D:13 |   10046 |    8927 |  47.1 |      36 |      31 |  46.3
       D:14 |    8291 |    8905 |  51.8 |      25 |      45 |  64.3
       D:15 |    8807 |    5791 |  39.7 |      31 |       9 |  22.5
     Lair:1 |    3211 |    1668 |  34.2 |      16 |       5 |  23.8
     Lair:2 |    5669 |     443 |   7.2 |      24 |       2 |   7.7
     Lair:3 |    6814 |       0 |   0.0 |      25 |       0 |   0.0
     Lair:4 |    6427 |    4073 |  38.8 |      26 |      15 |  36.6
     Lair:5 |   10387 |     865 |   7.7 |      34 |       4 |  10.5
     Lair:6 |    7125 |   10984 |  60.7 |      29 |      27 |  48.2
   Shoals:1 |    1688 |       0 |   0.0 |       3 |       0 |   0.0
   Shoals:2 |    6275 |       0 |   0.0 |      13 |       0 |   0.0
   Shoals:3 |    9727 |    3128 |  24.3 |      18 |       5 |  21.7
   Shoals:4 |    6533 |   13036 |  66.6 |      11 |      17 |  60.7
   Spider:1 |   12574 |       0 |   0.0 |      32 |       0 |   0.0
   Spider:2 |   12789 |    4152 |  24.5 |      42 |       8 |  16.0
   Spider:3 |   13652 |     191 |   1.4 |      30 |       1 |   3.2
   Spider:4 |    8674 |   33897 |  79.6 |      35 |      70 |  66.7
      Orc:1 |    4379 |       0 |   0.0 |      13 |       0 |   0.0
      Orc:2 |     937 |    7411 |  88.8 |      23 |      69 |  75.0
      Elf:1 |    2410 |       0 |   0.0 |       4 |       0 |   0.0
      Elf:2 |   12905 |    6712 |  34.2 |      22 |      12 |  35.3
      Elf:3 |     225 |       0 |   0.0 |       1 |       0 |   0.0
            +---------+---------+-------+---------+---------+-------
